 Dungeon Crawl Stone Soup version 0.27-a0-1565-gad902ab807 (webtiles) character file.

Game seed: 6459347226191196347

95 Demosthentine the Poker (level 4, -3/35 HPs)
             Began as a Merfolk Gladiator on July 17, 2021.
             Slain by Eustachio (11 damage)
             ... on level 4 of the Dungeon.
             The game lasted 00:01:21 (2222 turns).

Demosthentine the Poker (Merfolk Gladiator)         Turns: 2222, Time: 00:01:21

Health: -3/35      AC:  4    Str: 15    XL:     4   Next: 66%
Magic:  4/4        EV: 13    Int:  7    God:
Gold:   0          SH:  0    Dex: 15    Spells: 3/3 levels left

rFire    . . .     SeeInvis .   a - +0 trident
rCold    . . .     Faith    .   (no shield)
rNeg     . . .     Spirit   .   b - +0 leather armour
rPois    .         Reflect  .   c - +0 helmet
rElec    .         Harm     .   (no cloak)
rCorr    .         Rampage  .   (no gloves)
Will     .....     Rnd*Rage +   (no boots)
Stlth    +.........             (no amulet)
HPRegen  0.11/turn              (no ring)
MPRegen  0.09/turn              (no ring)

@: no status effects
A: (nimble swimmer 2), mertail, berserk 1
a: no special abilities


You were on level 4 of the Dungeon.
You visited 1 branch of the dungeon, and saw 3 of its levels.

You collected 69 gold pieces.
You spent 69 gold pieces at shops.

Inventory:

Hand Weapons
 a - a +0 trident (weapon)
Missiles
 d - 3 throwing nets (quivered)
Armour
 b - a +0 leather armour (worn)
 c - a +0 helmet (worn)
Scrolls
 e - 2 scrolls of identify
 i - a scroll of teleportation {unknown}
 j - a scroll of amnesia {unknown}
Potions
 g - a potion of curing {unknown}


   Skills:
 + Level 3.1 Fighting
 + Level 5.3 Polearms
 - Level 2.0 Throwing
 + Level 1.2 Armour
 + Level 5.0 Dodging


You had 3 spell levels left.
You didn't know any spells.
Your spell library was empty.

Dungeon Overview and Level Annotations

Branches:
Dungeon (2/15)

Altars:

Shops:
D:1 ?   D:2 *

Annotations:
D:4 1 runed translucent door, Crazy Yiuf, Eustachio


Innate Abilities, Weirdness & Mutations

((You are quick and stealthy near water. (Stealth+, EV+, Speed+++)))
Your lower body shifts to a powerful aquatic tail in water.
You tend to lose your temper in combat.


Message History

The shadow imp completely misses you. The quokka bites you.
You puncture Eustachio!
Eustachio is severely wounded.
The bat closely misses you. x2
Eustachio hits you with a +3 rapier of holy wrath.
* * * LOW HITPOINT WARNING * * *
The quokka barely misses you.
The shadow imp hits you but does no damage.
The bat barely misses you.
The shadow imp hits you but does no damage.
It was a potion of mutation.
You feel extremely strange.
You feel a little pissed off. The bat misses you.
Eustachio drinks a potion.
Eustachio is healed!
The quokka misses you.
The crimson imp blinks!
The shadow imp closely misses you. The bat closely misses you.
The shadow imp hits you.
* * * LOW HITPOINT WARNING * * *
You feel much better. The bat completely misses you. The quokka misses you.
Eustachio closely misses you. The shadow imp gestures at you.
Pain shoots through your body! The shadow imp closely misses you.
Unknown command.
You closely miss Eustachio.
Eustachio is moderately wounded.
The bat misses you. The quokka bites you.
Eustachio hits you but does no damage. The shadow imp hits you.
The shadow imp hits you but does no damage.
The quokka bites you.
You closely miss Eustachio.
Eustachio is moderately wounded.
The bat barely misses you.
Eustachio hits you with a +3 rapier of holy wrath!
* * * LOW HITPOINT WARNING * * *
The bat barely misses you. The shadow imp barely misses you.
The quokka closely misses you. The shadow imp completely misses you.
You miss Eustachio.
Eustachio is moderately wounded.
The bat barely misses you. The bat closely misses you.
Eustachio hits you with a +3 rapier of holy wrath!
You die...

######.# #......#
########.#
.........#
.(.....r5#
..5...bb@########
########@5.......
#.########
#####.#####
#.........#
#.........#
#.........#
#.........#
#.........#


You could see Eustachio, a crimson imp (summoned), 2 shadow imps, a quokka
(summoned) and 2 bats.

Vanquished Creatures
  Natasha (D:2)
  4 adders (D:2)
  A dart slug (D:1)
  3 ball pythons
  2 endoplasms
  A giant cockroach (D:1)
  A goblin (D:2)
  5 hobgoblins
  3 jackals (D:1)
  A quokka (D:1)
  4 bats
  4 frilled lizards
  3 kobolds
  3 rats (D:1)
36 creatures vanquished.

Notes
Turn   | Place    | Note
-------+----------+-------------------------------------------
     0 | D:1      | Demosthentine the Merfolk Gladiator began the quest for the
                  | Orb.
     0 | D:1      | Reached XP level 1. HP: 16/16 MP: 1/1
   260 | D:1      | Reached XP level 2. HP: 23/23 MP: 2/2
   265 | D:1      | Found Qoqar's Magic Scroll Shoppe.
   518 | D:1      | Found a faded altar of an unknown god.
   639 | D:1      | HP: 1/23 [hobgoblin (1)]
  1064 | D:1      | Reached XP level 3. HP: 23/28 MP: 3/3
  1446 | D:2      | Reached skill level 5 in Polearms
  1590 | D:2      | Found Tuucoy's Assorted Antiques.
  1598 | D:2      | Bought a yellow potion for 23 gold pieces
  1598 | D:2      | Bought a viscous black potion for 23 gold pieces
  1598 | D:2      | Bought a brown potion for 23 gold pieces
  1670 | D:2      | Reached skill level 1 in Armour
  1718 | D:2      | Reached XP level 4. HP: 30/34 MP: 4/4
  1810 | D:2      | Noticed Natasha
  1822 | D:2      | Killed Natasha
  2071 | D:2      | Reached skill level 5 in Dodging
  2136 | D:2      | You fall into a shaft and drop 2 floors!
  2160 | D:4      | Found a runed translucent door.
  2161 | D:4      | Noticed Crazy Yiuf
  2199 | D:4      | Noticed Eustachio
  2218 | D:4      | Gained mutation: You tend to lose your temper in combat.
                  | [potion of mutation]
  2222 | D:4      | Slain by Eustachio

Illustrated notes

Levels and vault maps discovered:
D:1:      dpeg_arrival_court, layout_basic, serial_shops, shop_scrolls,
          dreamdust_ecumenical_altar_statues
D:2:      layout_loops_corners, serial_shops, nicolae_square_shop,
          hangedman_decor_clover_reticule, minmay_circle_x, uniq_natasha
D:4:      layout_basic, serial_shops, shop, shop, shop, uniq_crazy_yiuf_cottage,
          uniq_eustachio

Skill      XL: |  1  2  3  4 |
---------------+-------------+-----
Polearms       | 5 |  5.3
Armour         | 1 |  1.2
Fighting       | 3 |  3.1
Dodging        | 5 |  5.0
Throwing       | |  2.0

Action                   |  1- 3 |  4- 6 || total
-------------------------+-------+-------++-------
Melee: Trident           |   123 |    48 ||   171
  Use: Potion            |     1 |     2 ||     3
       Scroll            |     3 |       ||     3
 Stab: Sleeping          |     1 |     1 ||     2
Armor: Leather armour    |    30 |    16 ||    46
Dodge: Dodged            |    88 |    50 ||   138

Table legend: (Time is in decaauts)
 A = Elapsed time spent in this place.
 B = Non-inter-level travel time spent in this place.
 C = Inter-level travel time spent in this place.
 D = Time resting spent in this place.
 E = Time spent auto-exploring this place.
 F = Levels seen in this place.
 G = Mean time per level.
                   A        B        C        D        E       F      G
               +--------+--------+--------+--------+--------+-----+--------+
         Total |   2242 |   2226 |     16 |      0 |   1947 |   3 |  747.3 |
       Dungeon |   2242 |   2226 |     16 |      0 |   1947 |   3 |  747.3 |
               +--------+--------+--------+--------+--------+-----+--------+

Top non-repeatable levels by time:
     D:1: 1340 daAuts
     D:2: 815 daAuts
     D:4: 86 daAuts
